 Dungeon Crawl Stone Soup version 0.30-a0-1164-ge08a67761e (webtiles) character file.

Game seed: 17603738624438775811

22970 Maxmaps the Slicer (level 12, -10/95 HPs)
             Began as a Demonspawn Monk on Apr 28, 2023.
             Was an Initiate of Gozag.
             Mangled by a two-headed ogre
             ... wielding a +0 giant club
             ... summoned by an orange crystal statue
              (13 damage)
             ... on level 12 of the Dungeon on Apr 29, 2023.
             The game lasted 00:24:55 (16673 turns).

Maxmaps the Slicer (Demonspawn Monk)               Turns: 16673, Time: 00:24:56

Health: -10/95     AC: 17    Str: 13      XL:     12   Next: 67%
Magic:  2/12       EV: 12    Int: 14 (16) God:    Gozag
Gold:   695        SH:  0    Dex: 15      Spells: 11/11 levels left

rFire   x . .        J - +1 scimitar (flame)
rCold   + + .        d - orb {light}
rNeg    + . .        s - +0 ice dragon scales
rPois   .            y - +2 helmet
rElec   .            (cloak unavailable)
rCorr   .            A - +0 pair of gloves
SInv    .            q - +0 pair of boots
Will    ++...        X - amulet "Impaz" {RegenMP +Blink rN+} Stlth
                     S - ring of willpower
HPRegen 0.35/turn    K - ring of willpower
MPRegen 0.53/turn

%: no passive effects
@: mighty, brilliant, glowing
A: foul stench 1, spiny 2, weakness stinger 3
a: Renounce Religion, Evoke Blink, Potion Petition, Call Merchant, Bribe Branch


You were on level 12 of the Dungeon.
You worshipped Gozag.
Gozag was pleased with you.
You visited 2 branches of the dungeon, and saw 13 of its levels.
You visited 1 bazaar.
You also visited: Sewer, Ossuary and Ice Cave.

You collected 2585 gold pieces.
You spent 418 gold pieces at shops.
You paid 1472 gold pieces to Gozag.

Inventory:

Hand Weapons
 f - a +3 vampiric dagger
 m - a +5 long sword
 J - a +1 scimitar of flaming (weapon)
 P - a +2 dagger of venom
Missiles
 x - 4 throwing nets (quivered)
Armour
 a - a +0 leather armour of cold resistance
 d - an orb of light (worn)
 l - a +0 scale mail
 q - a +0 pair of boots (worn)
 s - +0 ice dragon scales (worn)
 y - a +2 helmet (worn)
 A - a +0 pair of gloves (worn)
Jewellery
 b - a +5 ring of evasion
 r - a ring of resist corrosion
 E - a +5 ring of evasion
 K - a ring of willpower (right hand)
 S - a ring of willpower (left hand)
 V - a ring of flight
 X - the amulet "Impaz" (around neck) {RegenMP +Blink rN+}
   (You found it on level 12 of the Dungeon)

   [amulet of magic regeneration]

   It increases your rate of magic regeneration.
   rN:        It protects you from negative energy.
   +Blink:    It lets you blink.
Wands
 c - a wand of flame (18)
 g - a wand of digging (2)
 w - a wand of quicksilver (23)
 z - a wand of charming (22)
 B - a wand of iceblast (7)
 C - a wand of polymorph (7)
Scrolls
 p - 4 scrolls of amnesia
 G - 4 scrolls of teleportation
 H - 3 scrolls of enchant weapon
 I - a scroll of fog {unknown}
 L - a scroll of acquirement {unknown}
 M - a scroll of magic mapping
 N - 2 scrolls of vulnerability {unknown}
 R - a scroll of enchant armour {unknown}
 T - 4 scrolls of identify
 U - a scroll of fear
Potions
 e - a potion of resistance
 h - 4 potions of curing
 i - 2 potions of attraction
 j - 2 potions of mutation
 k - a potion of invisibility
 n - a potion of lignification
 o - 3 potions of brilliance
 t - a potion of experience {unknown}
 v - 4 potions of haste
 D - 2 potions of cancellation
 F - a potion of magic {unknown}
 O - 3 potions of degeneration
 Q - a potion of flight {unknown}
 W - a potion of heal wounds


   Skills:
 - Level 9.2 Fighting
 - Level 11.5(12.5) Short Blades
 - Level 8.3(11.0) Long Blades
 - Level 2.6 Axes
 - Level 7.1 Armour
 + Level 9.4 Dodging


You had 11 spell levels left.
You didn't know any spells.
Your spell library contained the following spells:

 Spells                   Type           Power      Damage    Failure   Level
 Freeze                   Ice            0%         1d3       83%         1
 Sting                    Tmut/Pois      0%         1d3       83%         1
 Poisonous Vapours        Pois/Air       0%         N/A       92%         2
 Static Discharge         Conj/Air       0%         2-2/arc   92%         2
 Sublimation of Blood     Necr           0%         N/A       92%         2
 Frozen Ramparts          Ice            0%         1d1       99%         3
 Hailstorm                Conj/Ice       0%         3d3       99%         3
 Ozocubu's Armour         Ice            0%         N/A       99%         3
 Airstrike                Air            0%         2d(0-16)  100%        4
 Olgreb's Toxic Radiance  Pois           0%         N/A       100%        4
 Petrify                  Tmut/Erth      0%         N/A       100%        4
 Summon Lightning Spire   Summ/Air       0%         N/A       100%        4
 Borgnjor's Vile Clutch   Necr/Erth      0%         N/A       100%        5
 Irradiate                Conj/Tmut      0%         3d11      100%        5
 Death Channel            Necr           0%         N/A       100%        6
 Ozocubu's Refrigeration  Ice            0%         4d7       100%        7
 Animate Dead             Necr           Unusable   N/A       N/A         4

Dungeon Overview and Level Annotations

Branches:
Dungeon (12/15)            Temple (1/1) D:4            Lair (0/5) D:8
    Orc (0/2) D:10          Sewer (visited)         Ossuary (visited)
  IceCv (visited)

Altars:
Ashenzari
Cheibriados
Dithmenos
Fedhas
Gozag
Hepliaklqana
Kikubaaqudgha
Makhleb
Nemelex Xobeh
Okawaru
Qazlal
Ru
Sif Muna
Trog
Uskayaw
Vehumet
Wu Jian
Xom
Yredelemnul

Shops:
D:1 ?   D:7 [

Annotations:
D:5 2 transporters
D:6 1 runed translucent door, holysushi's ghost, novice SpNe
D:10 2 transporters, garrulousMonolith's ghost, journeyman TrBe
D:12 exclusion: orange crystal statue


Innate Abilities, Weirdness & Mutations

You may rarely emit foul miasma when damaged in melee.
You are mostly covered in sharp spines.
You have a sharp stinger which inflicts weakening toxins.


Message History

Press: ? - help, Dir - move target
As you read the scroll of blinking, it crumbles to dust.
The two-headed ogre is engulfed in dark miasma.
The two-headed ogre is poisoned.
Okay, then.
As you read the scroll of teleportation, it crumbles to dust.
You feel strangely unstable.
The two-headed ogre looks more healthy.
The howler monkey hoots and howls with incredible vigour!
Your surroundings suddenly seem different.
The orange crystal statue glitters.
You resist with almost no effort.
Okay, then.
You hit the orange crystal statue but do no damage.
The orange crystal statue is severely damaged.
The orange crystal statue fixes its piercing gaze on you.
You feel your power leaking away.
You hit the orange crystal statue.
You tail-slap the orange crystal statue, but do no damage.
The orange crystal statue is severely damaged.
You hit the orange crystal statue but do no damage.
You tail-slap the orange crystal statue, but do no damage.
The orange crystal statue is severely damaged. [a] - 208 gold - might and brilliance [b] - 600 gold - resistance, might and haste [c] - 416 gold - heal wounds, curing and magic Purchase which effect?
You feel very mighty all of a sudden.
You feel clever all of a sudden.
The orange crystal statue fixes its piercing gaze on you.
Something tries to feed on your intellect!
You hit the orange crystal statue but do no damage.
The orange crystal statue is severely damaged.
You feel yourself speed up.
The orange crystal statue fixes its piercing gaze on you.
You feel your power leaking away.
The two-headed ogre hits you with a +0 giant club!
* * * LOW HITPOINT WARNING * * *
The two-headed ogre hits you with a +0 giant club!
You die...
Your body crumbles into a pile of gold.

#.######.# #.## #.# .......#.#
#..## #.# ..####.#.# #...# #.#
.## #.#.# #...##### #.# .# #.#.#
#.......#### #.# .#####.#.#
##.####....## #.# ....##.#(#
########...######## .##.##.#.#
#...W.#.....#.....# .##.##.#.#
#.@O..............#
.##.##^#.######..8.....8.O......#
..............#.$...............#
########.....##.....#!$}W$#.....#
#####.#################### #.##.#
#.# #.##.# #.# #.##.# #.# #.##.#
#.#


You could see an orange crystal statue, a two-headed ogre (summoned) and a
wraith (summoned).

Vanquished Creatures
  A reaper (IceCv)
  Snorg (D:11)
  Harold (D:9)
  Erica (D:9)
  3 death yaks
  3 two-headed ogres (D:10)
  2 boulder beetles (D:12)
  Urug (D:11)
  2 cyclopes (D:12)
  2 manticores (D:12)
  3 ice statues
  A kobold demonologist (D:10)
  An unseen horror (D:11)
  Psyche (D:9)
  2 anaconda simulacra (IceCv)
  4 trolls
  5 ice devils (IceCv)
  4 hornets
  Grinder (D:3)
  12 yaks
  Sigmund (D:5)
  A vampire (D:10)
  A dire elephant simulacrum (IceCv)
  2 basilisks
  A wraith (D:11)
  A wyvern (D:8)
  Grum (D:8)
  A steam dragon (D:6)
  4 vampire mosquitoes (D:12)
  3 harpy simulacra (IceCv)
  A death yak simulacrum (IceCv)
  2 acid dragons
  4 hydra simulacra (IceCv)
  A water moccasin (D:5)
  An orc warrior (D:9)
  2 black bears
  3 ogres
  3 wolves (D:8)
  3 centaurs (D:8)
  A phantom (D:6)
  A kobold brigand (D:6)
  A cane toad simulacrum (IceCv)
  4 scorpions
  2 gnoll sergeants
  A water moccasin zombie (Ossuary)
  5 wights
  3 killer bees (D:11)
  10 howler monkeys
  A bullfrog zombie (Ossuary)
  3 hounds
  3 orc priests
  A sleepcap (D:7)
  A jelly (D:7)
  Jessica (D:3)
  A gnoll bouda (D:7)
  3 scorpion zombies (Ossuary)
  5 iguanas
  12 orc wizards
  A spriggan simulacrum (IceCv)
  A polar bear simulacrum (IceCv)
  A wolf simulacrum (IceCv)
  A troll simulacrum (IceCv)
  An ogre zombie (Ossuary)
  20 gnolls
  10 adders
  A naga simulacrum (IceCv)
  A river rat (D:3)
  A shadow imp (D:5)
  A white imp (D:7)
  An adder zombie (Ossuary)
  7 worms
  8 dart slugs
  14 orcs
  13 endoplasms
  3 giant cockroaches
  4 goblins
  13 hobgoblins
  4 jackals (D:5)
  12 kobolds
  4 quokkas
  15 ball pythons
  5 bats
  8 frilled lizards
  2 gnoll zombies (Ossuary)
  9 goblin zombies (Ossuary)
  2 hobgoblin zombies (Ossuary)
  An orc zombie (Ossuary)
  8 rats
318 creatures vanquished.

Vanquished Creatures (others)
  An adder (D:6)
  A shadow imp (D:6)
  2 withered plants (D:6)
4 creatures vanquished.

Grand Total: 322 creatures vanquished

Notes
Turn   | Place    | Note
-------+----------+-------------------------------------------
     0 | D:1      | Maxmaps the Demonspawn Monk began the quest for the Orb.
     0 | D:1      | Reached XP level 1. HP: 18/18 MP: 1/1
   208 | D:1      | Gained mutation: You are partially covered in sharp spines.
                  | [demonic ancestry]
   208 | D:1      | Reached XP level 2. HP: 20/24 MP: 2/2
   359 | D:1      | Found Qoofevakh's Magic Scroll Shop.
   383 | D:1      | Bought a scroll of identify for 28 gold pieces
   395 | D:1      | Gained mutation: You are mostly covered in sharp spines.
                  | [demonic ancestry]
   395 | D:1      | Reached XP level 3. HP: 30/30 MP: 3/3
  1186 | D:2      | Reached skill level 5 in Fighting
  1186 | D:2      | Reached XP level 4. HP: 39/39 MP: 4/4
  1521 | D:3      | Noticed Grinder
  1524 | D:3      | Paralysed by Grinder for 5 turns
  1546 | D:3      | Killed Grinder
  1547 | D:3      | Gained mutation: You have a small tail. [demonic ancestry]
  1547 | D:3      | Reached XP level 5. HP: 28/47 MP: 5/5
  1547 | D:3      | Gained mutation: You have a tail ending in a sharp stinger.
                  | [demonic ancestry]
  1547 | D:3      | Reached XP level 6. HP: 31/53 MP: 6/6
  1716 | D:3      | Found a glowing drain.
  1720 | Sewer    | Entered a sewer
  2286 | D:3      | Found a sparkling altar of Nemelex Xobeh.
  2302 | D:3      | Noticed Jessica
  2306 | D:3      | Killed Jessica
  2506 | D:4      | Found a staircase to the Ecumenical Temple.
  2608 | D:4      | Found a sand-covered staircase.
  2614 | Ossuary  | Entered an ossuary
  2691 | Ossuary  | Gained mutation: You have a sharp stinger which inflicts
                  | weakening toxins. [demonic ancestry]
  2691 | Ossuary  | Reached XP level 7. HP: 59/62 MP: 7/7
  2819 | Ossuary  | Noticed a silent spectre
  3022 | D:4      | Found an ancient bone altar of Kikubaaqudgha.
  3071 | D:4      | Found a blossoming altar of Fedhas.
  3572 | Temple   | Entered the Ecumenical Temple
  3784 | Temple   | Became a worshipper of Gozag Ym Sagoz the Greedy
  3818 | D:5      | Entered Level 5 of the Dungeon
  4172 | D:5      | Reached skill level 1 in Short Blades
  4300 | D:5      | Found a sacrificial altar of Ru.
  4320 | D:5      | Reached skill level 2 in Short Blades
  4323 | D:5      | Noticed Sigmund
  4343 | D:5      | Reached XP level 8. HP: 59/71 MP: 8/8
  4349 | D:5      | Reached skill level 3 in Short Blades
  4357 | D:5      | Killed Sigmund
  4358 | D:5      | Reached skill level 4 in Short Blades
  4749 | D:5      | Found a transporter.
  4989 | D:5      | Reached skill level 5 in Short Blades
  5146 | D:5      | Found a transporter.
  5429 | D:6      | Found a runed translucent door.
  5429 | D:6      | Noticed holysushi's ghost (novice SpNe)
  5495 | D:6      | Reached skill level 6 in Short Blades
  5786 | D:6      | Reached skill level 7 in Short Blades
  5791 | D:6      | Reached XP level 9. HP: 52/76 MP: 9/9
  5865 | D:6      | Found a basalt altar of Yredelemnul.
  6516 | D:7      | Reached skill level 8 in Short Blades
  6812 | D:7      | Found a stormy altar of Qazlal.
  6942 | D:7      | Found a hazy altar of Hepliaklqana.
  7226 | D:8      | Noticed Grum
  7236 | D:8      | Killed Grum
  7237 | D:8      | Reached skill level 9 in Short Blades
  7344 | D:8      | Noticed a death yak
  7349 | D:8      | Noticed a death yak
  7349 | D:8      | Noticed a death yak
  7382 | D:7      | Killed a death yak
  7383 | D:7      | Reached skill level 10 in Short Blades
  7729 | D:8      | Killed a death yak
  7730 | D:8      | Reached XP level 10. HP: 29/83 MP: 10/10
  7914 | D:7      | Killed a death yak
  7915 | D:7      | Reached skill level 11 in Short Blades
  8095 | D:7      | Reached skill level 1 in Long Blades
  8261 | D:8      | Found a staircase to the Lair.
  8318 | D:8      | Found an iron altar of Okawaru.
  8328 | D:8      | Identified the -2 pair of boots of the Komodo Dragon
                  | {Str+4}
  8382 | D:8      | Found a broken altar of Ashenzari.
  8830 | D:8      | Reached skill level 5 in Long Blades
  8964 | D:9      | Found a hide-covered altar of Uskayaw.
  9123 | D:9      | Noticed Harold
  9130 | D:9      | Noticed Erica
  9141 | D:9      | Killed Erica
  9316 | D:9      | Paralysed by a hornet for 2 turns
  9327 | D:9      | Upgraded the game from 0.30-a0-1163-gf69bf04e7a to
                  | 0.30-a0-1164-ge08a67761e
  9336 | D:9      | Noticed Psyche
  9424 | D:9      | Killed Psyche
  9425 | D:9      | Reached XP level 11. HP: 21/89 MP: 11/11
  9683 | D:9      | Killed Harold
 10726 | D:10     | Entered Level 10 of the Dungeon
 10843 | D:10     | Found a transporter.
 10843 | D:10     | Found a transporter.
 10843 | D:10     | Noticed garrulousMonolith's ghost (journeyman TrBe)
 10844 | D:10     | Noticed a four-headed hydra
 10845 | D:10     | Noticed a stone giant
 10849 | D:10     | Noticed a two-headed ogre
 10863 | D:10     | Killed a two-headed ogre
 11088 | D:10     | Noticed a two-headed ogre
 11349 | D:10     | Reached skill level 1 in Armour
 11370 | D:10     | Killed a two-headed ogre
 11823 | D:10     | Found a staircase to the Orcish Mines.
 12216 | D:10     | Noticed a two-headed ogre
 12237 | D:10     | Killed a two-headed ogre
 12238 | D:10     | Reached skill level 5 in Armour
 12557 | D:11     | Noticed Snorg
 12567 | D:11     | Killed Snorg
 12611 | D:11     | Found a flickering gateway to a bazaar.
 12630 | Bazaar   | Entered a bazaar
 12630 | Bazaar   | Found Befahod's General Store.
 12630 | Bazaar   | Found Woyra Xizes's Antique Weapon Shop.
 12760 | Bazaar   | Found Rozueq's Antique Armour Shop.
 12806 | Bazaar   | Bought a shiny helmet for 157 gold pieces
 12843 | Bazaar   | Bought a scroll of blinking for 97 gold pieces
 12843 | Bazaar   | Bought a scroll of teleportation for 39 gold pieces
 12843 | Bazaar   | Bought a scroll of blinking for 97 gold pieces
 13030 | D:11     | Found a frozen archway.
 13046 | IceCv    | Entered an ice cave
 13640 | IceCv    | Gained mutation: You may rarely emit foul miasma when
                  | damaged in melee. [demonic ancestry]
 13640 | IceCv    | Reached XP level 12. HP: 57/95 MP: 12/12
 13888 | IceCv    | Reached skill level 5 in Dodging
 14585 | IceCv    | Noticed a reaper
 14596 | IceCv    | Killed a reaper
 15189 | D:11     | Noticed Urug
 15201 | D:11     | Killed Urug
 15965 | D:12     | Noticed a boulder beetle
 15982 | D:12     | Killed a boulder beetle
 16145 | D:12     | Noticed a boulder beetle
 16165 | D:12     | Killed a boulder beetle
 16256 | D:12     | Identified the amulet "Impaz" {RegenMP +Blink rN+}
 16430 | D:12     | Noticed a boulder beetle
 16654 | D:12     | Noticed a two-headed ogre
 16661 | D:12     | Noticed a two-headed ogre
 16673 | D:12     | HP: 3/95 [two-headed ogre/+0 giant club[an orange crystal
                  | statue] (14)]
 16673 | D:12     | Mangled by a two-headed ogre

Illustrated notes

Levels and vault maps discovered:
D:1:      nzn_arrival_settlement, layout_basic, serial_shops, nicolae_shop_trees
D:2:      layout_rooms, hex_medium, nrook_mini_vaults,
          kennysheep_generic_room_11
D:3:      minmay_diamond_boxcup, layout_rooms,
          nemelex_xobeh_ov_fountains_minmay, gup_sewer_entry_spiral,
          minmay_misc_feat_rugged, serial_park_tiny_2, uniq_grinder,
          uniq_jessica
D:4:      layout_basic, lemuel_doored_altar, kennysheep_little_box,
          temple_pool_b, nicolae_ossuary_entry_false_entrances
D:5:      gammafunk_cloud_chamber, layout_cave_pods,
          mainiacjoe_overflow_24_doors, uniq_sigmund
D:6:      layout_basic, lemuel_round_altar, gammafunk_ghost_grave,
          chequers_serial_rivers_room_a
D:7:      layout_basic, marbit_many_paths, worldfamousw_hep_ancestral_shrine,
          nicolae_qazlal_style_of_elements, palyth_stone_intersect
D:8:      layout_rooms, mainiacjoe_overflow_tiny_flanked,
          mainiacjoe_overflow_six_doors_small, dpeg_lair_monsters, uniq_grum
D:9:      layout_layer_cave, nicolae_uskayaw_suspiria, uniq_psyche, uniq_erica,
          uniq_harold
D:10:     layout_roguey, orc_0_dummy, gammafunk_ghost_arena, serial_aquarium,
          aquarium_bridge_square [aquarium_subvault_bridge,
          aquarium_subvault_bridge, aquarium_subvault_bridge,
          aquarium_subvault_wall], aquarium_bridge_square
          [aquarium_subvault_balcony, aquarium_subvault_wall,
          aquarium_subvault_bridge, aquarium_subvault_wall],
          aquarium_window_fake, aquarium_window_1, aquarium_window_corner,
          aquarium_window_fake, aquarium_view_2b, minmay_starry_boxes
D:11:     layout_loops_ring, serial_shops, bzr_entry_lakeside,
          portal_ice_cave_entry_pillars_1, uniq_snorg, uniq_urug
D:12:     layout_loops_ring, minmay_more_statues
Temple:   minmay_temple_curvy_loop

Skill      XL: |  1  2  3  4  5  6  7  8  9 10 11 12 |
---------------+-------------------------------------+-----
Fighting       | 4 5 6 8 9 |  9.2
Short Blades   | 2 7 10 11 | 11.5
Long Blades    | 6 8 |  8.3
Armour         | 7 |  7.1
Dodging        | 4 9 |  9.4
Axes           | |  2.6

Action                     |  1- 3 |  4- 6 |  7- 9 | 10-12 || total
---------------------------+-------+-------+-------+-------++-------
  Melee: Hand axe          |    26 |       |       |       ||    26
         Dagger            |    67 |   143 |   402 |     7 ||   619
         Tailslap          |       |    22 |    88 |   110 ||   220
         Punch             |       |       |     3 |     8 ||    11
         Long sword        |       |       |       |    43 ||    43
         Scimitar          |       |       |       |   398 ||   398
         Great sword       |       |       |       |    11 ||    11
 Invoke: Call Merchant     |       |       |     1 |       ||     1
         Potion Petition   |       |       |       |     3 ||     3
    Use: Scroll            |     1 |     9 |     2 |    14 ||    26
         Potion            |       |       |     3 |    22 ||    25
   Stab: Distracted        |       |       |       |     1 ||     1
 Armour: Robe              |    10 |       |       |       ||    10
         Scale mail        |     9 |    43 |   112 |    49 ||   213
         Leather armour    |       |       |       |    17 ||    17
         Ice dragon scales |       |       |       |    43 ||    43
  Dodge: Dodged            |    37 |    45 |   177 |   340 ||   599

Table legend: (Time is in decaauts)
 A = Elapsed time spent in this place.
 B = Non-inter-level travel time spent in this place.
 C = Inter-level travel time spent in this place.
 D = Time resting spent in this place.
 E = Time spent auto-exploring this place.
 F = Levels seen in this place.
 G = Mean time per level.
                   A        B        C        D        E       F      G
               +--------+--------+--------+--------+--------+-----+--------+
         Total |  16568 |  15731 |    837 |   3062 |   9948 |  17 |  974.6 |
       Dungeon |  13583 |  12778 |    805 |   2264 |   8407 |  12 | 1131.9 |
        Temple |    235 |    203 |     32 |      0 |    196 |   1 |  235.0 |
        Bazaar |    228 |    228 |      0 |      0 |    154 |   1 |  228.0 |
         Sewer |    448 |    448 |      0 |    100 |    246 |   1 |  448.0 |
       Ossuary |    247 |    247 |      0 |      0 |    108 |   1 |  247.0 |
      Ice Cave |   1823 |   1823 |      0 |    698 |    837 |   1 | 1823.0 |
               +--------+--------+--------+--------+--------+-----+--------+

Top non-repeatable levels by time:
     D:9: 2211 daAuts
   IceCv: 1823 daAuts
     D:7: 1492 daAuts
     D:5: 1453 daAuts
    D:10: 1299 daAuts
    D:12: 1239 daAuts
     D:8: 1085 daAuts
     D:4: 1025 daAuts
    D:11: 856 daAuts
     D:6: 839 daAuts
     D:1: 771 daAuts
     D:2: 685 daAuts
     D:3: 623 daAuts
   Sewer: 448 daAuts
 Ossuary: 247 daAuts
